 Dungeon Crawl Stone Soup version 0.31-a0-164-g2312942fda (webtiles) character file.

Game seed: 17980005485679996581

385 qw the Shooter (level 6, -1/57 HPs)
             Began as a Naga Hunter on June 13, 2023.
             Slain by a gnoll
             ... wielding a +0 halberd
              (13 damage)
             ... on level 4 of the Dungeon.
             The game lasted 00:00:51 (2495 turns).

qw the Shooter (Naga Hunter)                        Turns: 2495, Time: 00:00:52

Health: -1/57      AC:  4    Str: 13    XL:     6   Next: 77%
Magic:  6/6        EV: 10    Int: 10    God:
Gold:   107        SH:  0    Dex: 22    Spells: 5/5 levels left

rFire   . . .        Y - +1 shortbow
rCold   . . .        (shield currently unavailable)
rNeg    . . .        c - +0 leather armour
rPois   +            (no helmet)
rElec   .            (no cloak)
rCorr   .            i - +0 pair of gloves
SInv    +            (no barding)
Will    .....        (no amulet)
Stlth   ++           d - +6 ring of dexterity
HPRegen 0.29/turn    (no ring)
MPRegen 0.10/turn

%: no passive effects
@: short of breath, very slow
A: AC +2, large, see invisible, deformed body, poison resistance, slowness 2,
spit poison 1, naga tail 1
a: Spit Poison


You were on level 4 of the Dungeon.
You visited 1 branch of the dungeon, and saw 4 of its levels.

You collected 107 gold pieces.


Innate Abilities, Weirdness & Mutations

Your serpentine skin is tough. (AC +2)
You have supernaturally acute eyesight. (SInv)
Armour fits poorly on your strangely shaped body.
Your system is resistant to poisons. (rPois)
You cover ground very slowly.
You can spit poison.
You have a snake-like lower body.


   Skills:
 - Level 4.1 Fighting
 + Level 6.1 Ranged Weapons
 - Level 2.1 Dodging
 - Level 1.5 Stealth


You had 5 spell levels left.
You didn't know any spells.
Your spell library was empty.

Inventory:

Hand Weapons
 Y - a +1 shortbow (weapon)
Armour
 c - a +0 leather armour (worn)
 i - a +0 pair of gloves (worn)
Jewellery
 d - a +6 ring of dexterity (left hand)
Scrolls
 a - 3 scrolls of identify
Potions
 b - a potion of curing
 k - a potion of might

Dungeon Overview and Level Annotations

Branches:
Dungeon (4/15)
 Temple: D:4-7

Altars:
Sif Muna

Annotations:
D:2 exclusion: gnoll


Message History

The gnoll closely misses you.
A hound comes into view.
You shoot an arrow. The arrow hits the gnoll!
You kill the gnoll!
You shoot an arrow. The arrow closely misses the gnoll.
The gnoll closely misses you.
You shoot an arrow. The arrow hits the gnoll!
The gnoll is almost dead.
The gnoll barely misses you.
You shoot an arrow. The arrow hits the hound!
The hound is heavily wounded.
The hound barely misses you.
The gnoll hits you from afar with a +0 halberd!
The hound bites you but does no damage.
You shoot an arrow. The arrow closely misses the hound.
The arrow hits the gnoll!
The gnoll is heavily wounded.
You have got your breath back.
The hound bites you.
The gnoll hits you from afar with a +0 halberd.
2492 ||| INVOKING Spit Poison.
Aiming: Spit Poison (1% risk of failure)
Press: ? - help, Shift-Dir - straight line, f/p - hound The splash of poison misses the hound.
The hound bites you. The gnoll closely misses you. The hound bites you.
You shoot an arrow. The arrow closely misses the hound.
The hound bites you. The gnoll hits you with a +0 flail.
The gnoll closely misses you. The hound bites you but does no damage.
You shoot an arrow. The arrow hits the hound!
You kill the hound!
The gnoll hits you with a +0 flail.
The gnoll hits you from afar with a +0 halberd.
The gnoll closely misses you. The gnoll misses you.
Your Fighting skill increases to level 4!
You shoot an arrow.
The arrow hits the gnoll but does no damage.
The gnoll is heavily wounded.
The gnoll hits you with a +0 flail!
The gnoll hits you from afar with a +0 halberd!
You die...

## .###.##
###.......
#.@g..#
#.#).##
#<#g.#
#.#....
###.##..
.. ..# ..
... ## #.


You could see 2 gnolls.

Vanquished Creatures
  Sigmund (D:2)
  A hound (D:4)
  Natasha (thrice) (D:2)
  7 gnolls
  2 dart slugs
  4 ball pythons
  6 bats
  7 endoplasms
  3 goblins
  6 hobgoblins
  11 kobolds
  2 quokkas
  2 frilled lizards
  5 rats
60 creatures vanquished.

Notes
Turn   | Place    | Note
-------+----------+-------------------------------------------
     0 | D:1      | qw the Naga Hunter began the quest for the Orb.
     0 | D:1      | Reached XP level 1. HP: 19/19 MP: 1/1
     0 | D:1      | 0 ||| qw: Version: 0.2-a-29-gc1b59c4
     0 | D:1      | 0 ||| qw: Game counter: 4565
     0 | D:1      | 0 ||| qw: Always use a shield: true
     0 | D:1      | 0 ||| qw: God list: Okawaru
     0 | D:1      | 0 ||| qw: Allow faded altars: false
     0 | D:1      | 0 ||| qw: Do Orc after D:15 true
     0 | D:1      | 0 ||| qw: Do second Lair branch before Depths: true
     0 | D:1      | 0 ||| qw: Lair rune preference: random
     0 | D:1      | 0 ||| qw: Plans: Normal
     0 | D:1      | 0 ||| PLANNING D:1-11
    35 | D:1      | 35 ||| INVOKING Spit Poison.
    77 | D:1      | 77 ||| INVOKING Spit Poison.
    81 | D:1      | 81 ||| INVOKING Spit Poison.
    89 | D:1      | 89 ||| INVOKING Spit Poison.
   154 | D:1      | 154 ||| INVOKING Spit Poison.
   156 | D:1      | Reached skill level 4 in Ranged Weapons
   156 | D:1      | Reached XP level 2. HP: 25/26 MP: 2/2
   171 | D:1      | 171 ||| INVOKING Spit Poison.
   265 | D:1      | 265 ||| INVOKING Spit Poison.
   306 | D:1      | 306 ||| INVOKING Spit Poison.
   315 | D:1      | 315 ||| INVOKING Spit Poison.
   333 | D:1      | 333 ||| INVOKING Spit Poison.
   334 | D:1      | 334 ||| INVOKING Spit Poison.
   355 | D:1      | 355 ||| INVOKING Spit Poison.
   547 | D:1      | 547 ||| UPGRADING to +0 pair of gloves.
   552 | D:1      | 552 ||| UPGRADING to +6 ring of dexterity.
   553 | D:1      | 553 ||| READING 5 scrolls labelled LISUES DATTYZ.
   554 | D:1      | 554 ||| READING scroll labelled MOENU CESIA.
   555 | D:1      | 555 ||| READING scroll labelled YSYMIW OLIUTYGG.
   656 | D:1      | 656 ||| READING 4 scrolls of identify.
   656 | D:1      | 656 ||| IDENTIFYING bubbling green potion
   657 | D:1      | 657 ||| DROPPING scroll of butterflies.
   658 | D:1      | 658 ||| DROPPING potion of attraction.
   709 | D:2      | 709 ||| INVOKING Spit Poison.
   717 | D:2      | 717 ||| INVOKING Spit Poison.
   719 | D:2      | Reached XP level 3. HP: 32/32 MP: 3/3
   722 | D:2      | 722 ||| INVOKING Spit Poison.
   817 | D:2      | 817 ||| INVOKING Spit Poison.
   822 | D:2      | 822 ||| INVOKING Spit Poison.
   843 | D:2      | 843 ||| INVOKING Spit Poison.
   855 | D:2      | 855 ||| INVOKING Spit Poison.
   856 | D:2      | Reached skill level 5 in Ranged Weapons
   859 | D:2      | 859 ||| INVOKING Spit Poison.
   861 | D:2      | Reached XP level 4. HP: 39/39 MP: 4/4
   893 | D:2      | Noticed Natasha
   894 | D:2      | 894 ||| INVOKING Spit Poison.
   900 | D:2      | 900 ||| INVOKING Spit Poison.
   904 | D:2      | Killed Natasha
   927 | D:2      | 927 ||| INVOKING Spit Poison.
   998 | D:2      | Noticed Natasha
  1000 | D:2      | 1000 ||| INVOKING Spit Poison.
  1001 | D:2      | 1001 ||| INVOKING Spit Poison.
  1003 | D:2      | Killed Natasha
  1004 | D:2      | Reached skill level 3 in Fighting
  1036 | D:2      | Noticed Natasha
  1037 | D:2      | 1037 ||| INVOKING Spit Poison.
  1038 | D:2      | Killed Natasha
  1039 | D:2      | Reached XP level 5. HP: 49/49 MP: 5/5
  1089 | D:2      | 1089 ||| INVOKING Spit Poison.
  1135 | D:2      | 1135 ||| INVOKING Spit Poison.
  1152 | D:2      | Noticed Sigmund
  1155 | D:2      | 1155 ||| INVOKING Spit Poison.
  1159 | D:2      | 1159 ||| INVOKING Spit Poison.
  1159 | D:2      | Killed Sigmund
  1160 | D:2      | Reached skill level 6 in Ranged Weapons
  1160 | D:2      | Reached XP level 6. HP: 50/56 MP: 6/6
  1187 | D:2      | Found a shimmering blue altar of Sif Muna.
  1255 | D:2      | 1255 ||| INVOKING Spit Poison.
  1383 | D:2      | 1383 ||| INVOKING Spit Poison.
  1498 | D:2      | 1498 ||| READING scroll labelled PAG XATWYUR.
  1499 | D:2      | 1499 ||| READING scroll labelled LISCHO HERE.
  1500 | D:2      | 1500 ||| READING scroll labelled KURGHE BEEG.
  1501 | D:2      | 1501 ||| READING scroll labelled GOFUBU FIEHUES.
  1593 | D:2      | 1593 ||| READING 4 scrolls of identify.
  1593 | D:2      | 1593 ||| IDENTIFYING dark potion
  1594 | D:2      | 1594 ||| READING 3 scrolls of identify.
  1594 | D:2      | 1594 ||| IDENTIFYING amethyst potion
  1595 | D:2      | 1595 ||| READING 2 scrolls of identify.
  1595 | D:2      | 1595 ||| IDENTIFYING lumpy cyan potion
  1596 | D:2      | 1596 ||| DROPPING potion of degeneration.
  1623 | D:3      | 1623 ||| INVOKING Spit Poison.
  1850 | D:3      | 1850 ||| INVOKING Spit Poison.
  1911 | D:3      | 1911 ||| INVOKING Spit Poison.
  1923 | D:3      | 1923 ||| INVOKING Spit Poison.
  1930 | D:3      | 1930 ||| INVOKING Spit Poison.
  1984 | D:3      | 1984 ||| INVOKING Spit Poison.
  2034 | D:3      | 2034 ||| INVOKING Spit Poison.
  2057 | D:3      | 2057 ||| INVOKING Spit Poison.
  2094 | D:3      | 2094 ||| INVOKING Spit Poison.
  2114 | D:3      | 2114 ||| INVOKING Spit Poison.
  2217 | D:3      | 2217 ||| INVOKING Spit Poison.
  2419 | D:3      | 2419 ||| READING scroll labelled JIUFOD DEING.
  2484 | D:4      | 2484 ||| Stepping ~*~*~tactically~*~*~ (outnumbered).
  2486 | D:4      | 2486 ||| INVOKING Spit Poison.
  2492 | D:4      | 2492 ||| INVOKING Spit Poison.
  2495 | D:4      | HP: 12/57 [gnoll/+0 flail (7)]
  2495 | D:4      | Slain by a gnoll

Levels and vault maps discovered:
D:1:      minmay_arrival_solitary_statue, layout_basic
D:2:      layout_rooms, basic_altar, uniq_sigmund, uniq_crazy_yiuf_cottage,
          uniq_natasha
D:3:      layout_loops_corners
D:4:      layout_basic, minmay_distorted

Skill      XL: |  1  2  3  4  5  6 |
---------------+-------------------+-----
Ranged Weapons | 4 5 6 |  6.1
Fighting       | 3 4 |  4.1
Dodging        | 2 |  2.1
Stealth        | |  1.5

Action                     |  1- 3 |  4- 6 || total
---------------------------+-------+-------++-------
   Fire: Shortbow          |    45 |    66 ||   111
Ability: Spit Poison       |    19 |    24 ||    43
    Use: Scroll            |     4 |     8 ||    12
 Armour: Leather armour    |     1 |     5 ||     6
  Dodge: Dodged            |    13 |    20 ||    33

Table legend:
 A = Non-vault XP
 B = Vault XP
 C = Vault XP percentage of total XP
 D = Non-vault monster count
 E = Vault monster count
 F = Vault count percentage of total count
                 A         B        C        D         E       F
            +---------+---------+-------+---------+---------+-------
      Total |     300 |     250 |  45.5 |      58 |       2 |   3.3
            +---------+---------+-------+---------+---------+-------
        D:1 |      28 |       0 |   0.0 |      16 |       0 |   0.0
        D:2 |     146 |     250 |  63.1 |      24 |       2 |   7.7
        D:3 |      68 |       0 |   0.0 |      16 |       0 |   0.0
        D:4 |      58 |       0 |   0.0 |       2 |       0 |   0.0
            +---------+---------+-------+---------+---------+-------
